 Dungeon Crawl Stone Soup version 0.27-a0-1136-g0b992a5a9d (webtiles) character file.

Game seed: 8779172458313806556

13334 porpoise the Fighter (level 12, -15/93 HPs)
             Began as a Djinni Venom Mage on May 5, 2021.
             Was a Priest of Makhleb.
             Demolished by a death knight
             ... wielding a +0 glaive
              (27 damage)
             ... on level 11 of the Dungeon.
             The game lasted 01:02:28 (14836 turns).

porpoise the Fighter (Djinni Venom Mage)           Turns: 14836, Time: 01:02:28

Health: -15/93     AC:  8    Str:  9    XL:     12   Next: 4%
Gold:   709        EV: 18    Int: 26    God:    Makhleb [***...] SH:  6 Dex: 14

rFire    + + .     SeeInvis .   b - +1 hunting sling
rCold    x . .     Faith    .   r - +1 buckler
rNeg     . . .     Spirit   .   y - +0 steam dragon scales of Resilience {Contam Will+ Regen+}
rPois    ∞         Reflect  .   H - +1 hat
rElec    .         Harm     .   B - +0 cloak
rCorr    .         Rampage  .   (no gloves)
Will     ++...                  (boots unavailable)
Stlth    +++.......             (no amulet)
HPRegen  1.25/turn              f - +4 ring of evasion
MPRegen  0.00/turn              t - +6 ring of intelligence

@: flying
A: sickness immunity, fire resistance 2, cold vulnerability 1, float, innate
caster, hp casting, extra vitality 1
a: Renounce Religion, Minor Destruction, Lesser Servant of Makhleb


You were on level 11 of the Dungeon.
You worshipped Makhleb.
Makhleb was most pleased with you.
You visited 2 branches of the dungeon, and saw 12 of its levels.
You also visited: Bailey.

You collected 857 gold pieces.
You spent 148 gold pieces at shops.

Inventory:

Hand Weapons
 a - the +3 mace "Moudic" {drain, rC+ Dex+3}
   (You found it on level 7 of the Dungeon)

   A truly terrible weapon, it drains the life of those it strikes.
   It affects your dexterity (+3).
   It protects you from cold.
 b - a +1 hunting sling (weapon)
 z - a +1 morningstar of holy wrath
 G - a +2 short sword of speed
 V - a +0 hand crossbow of flaming
Missiles
 c - 4 datura-tipped darts
 n - 108 sling bullets (quivered ammo)
 C - a throwing net
 F - 49 bolts
 I - 7 boomerangs
 M - 12 javelins
Armour
 r - a +1 buckler (worn)
 y - the +0 steam dragon scales of Resilience (worn) {Contam Will+ Regen+}
   (You found it in a bailey)

   It causes magical contamination when unequipped.
   It increases your rate of health regeneration.
   It increases your willpower.
 A - a +2 tower shield of protection
 B - a +0 cloak (worn)
 H - a +1 hat (worn)
 J - the +3 chain mail of Nemais {rPois rF+ rC+ SInv}
   (You found it on level 7 of the Dungeon)

   It protects you from fire.
   It protects you from cold.
   It protects you from poison.
   It lets you see invisible.
 L - +0 acid dragon scales
Magical Staves
 w - a staff of cold
 Q - a staff of death
Jewellery
 e - a ring of resist corrosion
 f - a +4 ring of evasion (left hand)
 h - a ring of protection from cold
 p - a ring of willpower
 t - a +6 ring of intelligence (right hand)
 R - a ring of positive energy
 U - a ring of see invisible
Wands
 u - a wand of mindburst (12)
 S - a wand of iceblast (18)
 W - a wand of acid (12)
 Y - a wand of digging (6)
Scrolls
 d - a scroll of enchant weapon
 g - 3 scrolls of identify
 m - 4 scrolls of teleportation
 q - 2 scrolls of noise
 s - a scroll of fear
 D - 3 scrolls of immolation
 O - a scroll of summoning
 X - a scroll of magic mapping
 Z - 4 scrolls of enchant armour
Potions
 i - 4 potions of might
 j - 2 potions of brilliance
 k - 3 potions of resistance
 l - 2 potions of mutation
 o - 3 potions of invisibility
 v - a potion of cancellation
 x - 3 potions of curing
 K - a potion of heal wounds
 N - 2 potions of berserk rage
 P - a potion of haste
 T - a potion of lignification


   Skills:
 + Level 10.8 Fighting
 - Level 5.0 Armour
 - Level 5.0 Dodging
 - Level 5.0 Stealth
 - Level 4.0 Shields
 + Level 8.0 Spellcasting
 - Level 7.0 Invocations
 - Level 5.0 Evocations


You couldn't memorise any spells.
You knew the following spells:

 Your Spells              Type           Power      Damage    Failure   Level
a - Magic Dart            Conj           100%       1d8       1%          1
c - Call Imp              Summ           51%        N/A       1%          2
f - Fulminant Prism       Conj/Hex       25%        3d14      1%          4
i - Ignite Poison         Fire/Tmut/Pois 51%        N/A       1%          3
l - Inner Flame           Hex/Fire       51%        N/A       1%          3
m - Mephitic Cloud        Conj/Pois/Air  51%        N/A       1%          3
n - Summon Mana Viper     Hex/Summ       51%        N/A       5%          5
o - Olgreb's Toxic Radia  Pois           51%        N/A       1%          4
s - Sting                 Tmut/Pois      100%       1d8       1%          1
v - Poisonous Vapours     Pois/Air       100%       N/A       1%          2
Your spell library was empty.

Dungeon Overview and Level Annotations

Branches:
Dungeon (11/15)            Temple (1/1) D:7            Lair (0/6) D:11
 Bailey (visited)
    Orc: D:9-12

Altars:
Ashenzari
Elyvilon
Fedhas
Kikubaaqudgha
Makhleb
Nemelex Xobeh
Okawaru
Qazlal
Uskayaw
Xom
Yredelemnul

Shops:
D:5 ?

Annotations:
D:4 2 transporters, pigah's ghost, amateur OpWn
D:9 1 runed translucent door, OTABOTABOTAB's ghost, novice GrFi


Innate Abilities, Weirdness & Mutations

You are immune to sickness and miasma.
You are immune to poison.
Your flesh is very heat resistant. (rF++)
You are vulnerable to cold. (rC-)
You float through the air rather than walking.
You learn spells naturally, not from books.
Your magical power is your life essence.
You have superior vitality. (+4 HP)


Message History

Press: ? - help, Dir - move target, p - skeletal warrior You conjure a prism of explosive energy!
A fulminant prism comes into view.
The skeletal warrior hits you with a +0 scimitar!
You shoot a sling bullet.
The sling bullet hits the skeletal warrior.
The skeletal warrior is almost destroyed.
The skeletal warrior barely misses you.
A freezing wraith comes into view.
Your fulminant prism crackles loudly.
You shoot a sling bullet.
The sling bullet barely misses the skeletal warrior.
The sling bullet barely misses the troll.
The sling bullet hits the death knight.
The death knight is lightly wounded.
The death knight reflects your damage back at you!
The skeletal warrior hits you with a +0 scimitar!
The skeletal warrior is engulfed in blazing flames.
Your fulminant prism explodes!
The blast of energy engulfs the death knight!
The death knight is moderately wounded.
The blast of energy engulfs the skeletal warrior!!
The skeletal warrior is heavily damaged.
The blast of energy engulfs the phantasmal warrior!
The phantasmal warrior is moderately damaged.
The death knight reflects your damage back at you!
You hear a bellow!
Casting: Fulminant Prism (mildly dangerous; 1% risk of failure)
Confirm with . or Enter, or press ? or * to list all spells.
Aiming: Fulminant Prism (mildly dangerous; 1% risk of failure)
Press: ? - help, Dir - move target, p - skeletal warrior You conjure a prism of explosive energy!
A fulminant prism comes into view.
The skeletal warrior hits you with a +0 scimitar!!
* * * LOW HITPOINT WARNING * * *
The skeletal warrior hits you with a +0 hand axe!
* * * LOW HITPOINT WARNING * * *
The skeletal warrior hits your fulminant prism with a +0 hand axe.
The death knight hits you from afar with a +0 glaive!!
You die...

..#.....# ###...### ......#
.##...####+#.....#
......#.)..#.W...#
......#....#.....#
......#....#...W(#
......#....#...pT#
###.######'#..*zz#
###.####...#....@#
#....#..<..'.....# #######
#....#.....#.....# #.....#
#....'.....#.....#########.....#
######..##.#...................#
###.##..##.######..............#
.........#......#..............#
.........#......#..............#
.........#......#..............#


You could see a death knight (reflects damage, ally target), 2 skeletal
warriors, a phantasmal warrior, a freezing wraith, a troll and a friendly
fulminant prism.

Vanquished Creatures
  Erolcha (D:10)
  A two-headed ogre (D:9)
  Urug (D:10)
  2 orc knights (Bailey)
  A cyclops (D:11)
  Joseph (D:7)
  2 kobold demonologists (D:9)
  A hornet (D:8)
  A wyvern (D:7)
  A vampire (D:10)
  16 yaks
  A steam dragon (D:9)
  5 vampire mosquitoes (D:10)
  3 acid dragons
  A water moccasin (D:8)
  8 orc warriors
  3 ice beasts
  A black bear (D:8)
  A sky beast (D:8)
  3 ogres
  11 centaurs
  A phantom (D:6)
  A kobold brigand (D:8)
  3 bullfrogs
  A gnoll sergeant (D:7)
  A scorpion (D:4)
  3 killer bees (D:9)
  A water moccasin skeleton (D:4)
  9 wights (D:8)
  3 howler monkeys
  2 bullfrog zombies
  3 centaur zombies
  5 hounds
  Crazy Yiuf (D:7)
  An orc priest (D:9)
  2 gnoll shamans
  Jessica (D:2)
  A bullfrog skeleton (D:6)
  3 iguanas
  Natasha (thrice) (D:2)
  13 orc wizards
  A killer bee zombie (D:6)
  A hound zombie (D:5)
  20 gnolls
  8 adders
  A shadow imp (D:8)
  2 white imps
  An ufetubus (D:4)
  An adder skeleton (D:4)
  A worm (D:3)
  A dart slug (D:2)
  49 orcs
  8 ball pythons
  2 bats
  7 endoplasms
  A giant cockroach (D:1)
  6 goblins
  3 hobgoblins
  10 jackals
  17 kobolds
  6 quokkas
  2 frilled lizards
  4 rats
275 creatures vanquished.

Vanquished Creatures (collateral kills)
  A shadow (D:11)
1 creature vanquished.

Vanquished Creatures (others)
  5 fulminant prisms
5 creatures vanquished.

Grand Total: 281 creatures vanquished

Notes
Turn   | Place    | Note
-------+----------+-------------------------------------------
     0 | D:1      | porpoise the Djinni Venom Mage began the quest for the Orb.
     0 | D:1      | Reached XP level 1. HP: 15/15 MP: 0/0
   430 | D:1      | Reached skill level 1 in Fighting
   430 | D:1      | Reached XP level 2. HP: 21/22 MP: 0/0
  1280 | D:1      | Found a faded altar of an unknown god.
  1317 | D:1      | Reached XP level 3. HP: 27/28 MP: 0/0
  1317 | D:1      | Learned a level 1 spell: Magic Dart
  1864 | D:2      | Reached skill level 2 in Fighting
  2235 | D:2      | Noticed Natasha
  2237 | D:2      | Killed Natasha
  2238 | D:2      | Reached XP level 4. HP: 29/34 MP: 0/0
  2354 | D:2      | Noticed Jessica
  2360 | D:2      | Killed Jessica
  2484 | D:2      | Noticed Natasha
  2486 | D:2      | Killed Natasha
  2487 | D:2      | Reached skill level 3 in Fighting
  2487 | D:2      | Reached XP level 5. HP: 34/40 MP: 0/0
  2487 | D:2      | Learned a level 2 spell: Call Imp
  2930 | D:2      | Noticed Natasha
  2934 | D:2      | Killed Natasha
  4092 | D:4      | Reached skill level 1 in Shields
  4092 | D:4      | Reached XP level 6. HP: 39/47 MP: 0/0
  4696 | D:4      | Found an iron altar of Okawaru.
  4775 | D:4      | Reached skill level 4 in Fighting
  5009 | D:4      | Found a transporter.
  5028 | D:4      | Reached XP level 7. HP: 45/52 MP: 0/0
  5028 | D:4      | Learned a level 3 spell: Inner Flame
  5072 | D:4      | Found a transporter.
  5072 | D:4      | Noticed pigah's ghost (amateur OpWn)
  5292 | D:4      | Found a hide-covered altar of Uskayaw.
  5296 | D:4      | Found a sparkling altar of Nemelex Xobeh.
  5484 | D:4      | Found a shimmering altar of Xom.
  5490 | D:4      | Found a blossoming altar of Fedhas.
  5490 | D:4      | Found a basalt altar of Yredelemnul.
  5493 | D:4      | Found a white marble altar of Elyvilon.
  5593 | D:5      | Entered Level 5 of the Dungeon
  6573 | D:5      | Reached skill level 5 in Fighting
  6573 | D:5      | Reached skill level 5 in Spellcasting
  7365 | D:5      | Found Sejot's Magic Scroll Emporium.
  7373 | D:5      | Bought a scroll of immolation for 38 gold pieces
  7373 | D:5      | Bought 3 scrolls of identify for 66 gold pieces
  7377 | D:5      | Bought a scroll of identify for 22 gold pieces
  7377 | D:5      | Bought a scroll of identify for 22 gold pieces
  7406 | D:5      | Reached XP level 8. HP: 54/60 MP: 0/0
  8070 | D:6      | Reached skill level 6 in Fighting
  9259 | D:7      | Reached skill level 7 in Fighting
  9416 | D:7      | Noticed a wyvern
  9422 | D:7      | Killed a wyvern
  9423 | D:7      | Reached XP level 9. HP: 42/68 MP: 0/0
  9423 | D:7      | Learned a level 4 spell: Fulminant Prism
  9436 | D:7      | Found a flagged portal.
  9595 | Bailey   | Entered a bailey
  9757 | Bailey   | Reached skill level 1 in Evocations
  9844 | Bailey   | Noticed an orc knight
  9954 | Bailey   | Noticed an orc knight
 10001 | Bailey   | Killed an orc knight
 10002 | Bailey   | Reached skill level 5 in Dodging
 10004 | Bailey   | Killed an orc knight
 10005 | Bailey   | Reached skill level 5 in Evocations
 10207 | Bailey   | Identified the +0 steam dragon scales of Resilience {Contam
                  | Will+ Regen+}
 10291 | D:7      | Found a staircase to the Ecumenical Temple.
 10349 | Temple   | Entered the Ecumenical Temple
 10402 | Temple   | Became a worshipper of Makhleb the Destroyer
 10448 | D:7      | Noticed Joseph
 10452 | D:7      | Killed Joseph
 10453 | D:7      | Reached XP level 10. HP: 66/75 MP: 0/0
 10600 | D:7      | Found a runed translucent door.
 10601 | D:7      | Noticed Crazy Yiuf
 10608 | D:7      | Killed Crazy Yiuf
 10618 | D:7      | Identified the +3 mace "Moudic" {drain, rC+ Dex+3}
 10734 | D:7      | Identified the +3 chain mail of Nemais {rPois rF+ rC+ SInv}
 11022 | D:8      | Reached skill level 5 in Stealth
 11025 | D:8      | Reached skill level 1 in Invocations
 11068 | D:8      | Reached * piety under Makhleb
 11069 | D:8      | Reached skill level 5 in Armour
 12161 | D:9      | Reached ** piety under Makhleb
 12162 | D:9      | Reached skill level 8 in Fighting
 12198 | D:9      | Noticed a kobold demonologist
 12198 | D:9      | Noticed a kobold demonologist
 12202 | D:9      | Killed a kobold demonologist
 12203 | D:9      | Reached XP level 11. HP: 77/81 MP: 0/0
 12203 | D:9      | Learned a level 5 spell: Summon Mana Viper
 12205 | D:9      | Reached skill level 5 in Invocations
 12269 | D:9      | Noticed a two-headed ogre
 12274 | D:9      | Killed a two-headed ogre
 12446 | D:9      | Found a runed translucent door.
 12446 | D:9      | Found a shimmering altar of Xom.
 12446 | D:9      | Noticed OTABOTABOTAB's ghost (novice GrFi)
 12449 | D:9      | Noticed a +1 hand axe of chaos
 12774 | D:9      | Reached skill level 9 in Fighting
 13080 | D:10     | Entered Level 10 of the Dungeon
 13688 | D:10     | Found a broken altar of Ashenzari.
 13689 | D:10     | Noticed Erolcha
 13692 | D:10     | Killed Erolcha
 13732 | D:10     | Reached skill level 10 in Fighting
 14027 | D:10     | Reached *** piety under Makhleb
 14027 | D:10     | Noticed Urug
 14031 | D:10     | Killed Urug
 14391 | D:11     | Found a staircase to the Lair.
 14685 | D:11     | Noticed a cyclops
 14691 | D:11     | Killed a cyclops
 14692 | D:11     | Reached XP level 12. HP: 69/93 MP: 0/0
 14829 | D:11     | Noticed a death knight
 14836 | D:11     | Demolished by a death knight

Illustrated notes

Levels and vault maps discovered:
D:1:      lightli_arrival_maybe_door_vault, layout_loops_ring,
          ebering_ecumenical_altar_petrified
D:2:      layout_loops_ring, kennysheep_generic_room_15, uniq_jessica,
          uniq_natasha
D:3:      minmay_spotlight, layout_rooms
D:4:      layout_basic, kennysheep_little_box, minitemple,
          okawaru_altar_gauntlet_db, chequers_temple_overflow_statue_of_worship,
          gammafunk_ghost_mausoleum
D:5:      layout_basic, serial_shops, nicolae_shop_trees, kennysheep_dice
D:6:      layout_rooms, feat_on_display
D:7:      layout_basic, minmay_temple_entry_arrows, enter_bailey_2, uniq_joseph,
          uniq_crazy_yiuf_cottage
D:8:      layout_loops_ring, minmay_bent
D:9:      layout_roguey, ebering_ghost_xom
D:10:     layout_loops_corners, amcnicky_altar_gilded, grunt_decor_resistance,
          uniq_erolcha, uniq_urug
D:11:     layout_gridville, lair_entry_dummy
Temple:   nicolae_temple_figure_eight

Skill      XL: |  1  2  3  4  5  6  7  8  9 10 11 |
---------------+----------------------------------+-----
Fighting       | 1 2 3 4 5 7 8 10 | 10.8
Spellcasting   | 3 4 5 6 7 8 |  8.0
Shields        | 1 2 4 |  4.0
Dodging        | 3 5 |  5.0
Evocations     | 5 |  5.0
Stealth        | 4 5 |  5.0
Armour         | 2 5 |  5.0
Invocations    | 4 7 |  7.0

Action                   |  1- 3 |  4- 6 |  7- 9 | 10-12 || total
-------------------------+-------+-------+-------+-------++-------
Melee: Unarmed           |     6 |       |       |       ||     6
       Whip              |    14 |       |       |       ||    14
       Short sword       |     8 |    32 |    14 |       ||    54
       Mace              |       |       |       |    23 ||    23
       Morningstar       |       |       |       |     2 ||     2
 Fire: Hunting sling     |       |       |    42 |    70 ||   112
 Cast: Sting             |    26 |       |     4 |       ||    30
       Poisonous Vapours |    11 |    30 |    42 |     2 ||    85
       Magic Dart        |    17 |    32 |    10 |     2 ||    61
       Ignite Poison     |     1 |    10 |    55 |    78 ||   144
       Olgreb's Toxic Ra |       |     1 |    15 |    43 ||    59
       Mephitic Cloud    |       |       |    12 |    17 ||    29
       Call Imp          |       |       |     1 |     2 ||     3
       Fulminant Prism   |       |       |       |     6 ||     6
       Summon Mana Viper |       |       |       |     1 ||     1
  Use: Scroll            |       |     5 |    12 |     8 ||    25
 Stab: Sleeping          |     1 |       |       |       ||     1
Armor: Robe              |     8 |     5 |     2 |       ||    15
       Steam dragon scal |       |       |       |     9 ||     9
Dodge: Dodged            |    42 |    27 |    45 |    52 ||   166
Block: Buckler           |       |       |     6 |    19 ||    25

Table legend: (Time is in decaauts)
 A = Elapsed time spent in this place.
 B = Non-inter-level travel time spent in this place.
 C = Inter-level travel time spent in this place.
 D = Time resting spent in this place.
 E = Time spent auto-exploring this place.
 F = Levels seen in this place.
 G = Mean time per level.
                   A        B        C        D        E       F      G
               +--------+--------+--------+--------+--------+-----+--------+
         Total |  14860 |  14554 |    306 |   6245 |   6195 |  13 | 1143.1 |
       Dungeon |  14157 |  13863 |    294 |   5964 |   6146 |  11 | 1287.0 |
        Temple |     65 |     53 |     12 |      0 |     49 |   1 |   65.0 |
        Bailey |    637 |    637 |      0 |    281 |      0 |   1 |  637.0 |
               +--------+--------+--------+--------+--------+-----+--------+

Top non-repeatable levels by time:
     D:5: 2213 daAuts
     D:1: 1783 daAuts
     D:2: 1585 daAuts
     D:6: 1454 daAuts
     D:4: 1170 daAuts
     D:8: 1152 daAuts
    D:10: 1119 daAuts
     D:3: 1057 daAuts
     D:7: 1018 daAuts
     D:9: 963 daAuts
    D:11: 639 daAuts
  Bailey: 637 daAuts
  Temple: 65 daAuts
